 Dungeon Crawl Stone Soup version 0.31.0-11-ge490571c62 (webtiles) character file.

Game seed: 5809655056766598131

38 qw the Shooter (level 3, -1/18 HPs)
             Began as a Spriggan Hunter on Feb 5, 2024.
             Killed by nerve-wracking pain
             ... invoked by Grinder
              (10 damage)
             ... on level 2 of the Dungeon.
             The game lasted 00:00:24 (1272 turns).

qw the Shooter (Spriggan Hunter)                    Turns: 1272, Time: 00:00:25

Health: -1/18      AC:  2    Str:  7    XL:     3   Next: 25%
Magic:  4/4        EV: 19    Int: 10    God:
Gold:   151        SH:  0    Dex: 20    Spells: 2/2 levels left

rFire   + . .        a - +1 shortbow
rCold   + . .        (shield currently unavailable)
rNeg    . . .        c - +0 robe
rPois   .            (helmet restricted)
rElec   .            (no cloak)
rCorr   .            (gloves unavailable)
SInv    +            (boots unavailable)
Will    .....        (no amulet)
Stlth   ++           f - ring of protection from cold
HPRegen 0.23/turn    g - ring of protection from fire
MPRegen 0.09/turn

%: no passive effects
@: very quick
A: very small, no large weapons, unfitting armour, see invisible, speed 3
a: no special abilities


You were on level 2 of the Dungeon.
You visited 1 branch of the dungeon, and saw 3 of its levels.

You collected 151 gold pieces.


Innate Abilities, Weirdness & Mutations

You are very small and have problems with some larger weapons.
You are too small for most types of armour.
You have supernaturally acute eyesight. (SInv)
You cover ground extremely quickly. (Speed+++)


   Skills:
 - Level 1.5 Fighting
 + Level 4.6 Ranged Weapons
 - Level 4.0 Dodging
 - Level 1.5 Stealth


You had 2 spell levels left.
You didn't know any spells.
Your spell library was empty.

Inventory:

Hand Weapons
 a - a +1 shortbow (weapon)
Armour
 c - a +0 robe (worn)
Jewellery
 f - a ring of protection from cold (left hand)
 g - a ring of protection from fire (right hand)
Potions
 e - a potion of heal wounds
 h - a potion of curing
 i - a potion of haste {unknown}
 k - a potion of degeneration {unknown}
 l - a potion of ambrosia {unknown}

Dungeon Overview and Level Annotations

Branches:
Dungeon (3/15)

Altars:
Xom

Annotations:
D:2 Grinder


Message History

1221 ||| DROPPING scroll of immolation.
You drop a scroll of immolation.
Done exploring.
What level of the Dungeon? (default 2, ? - help)
There is a stone staircase leading down here.
You climb downwards.
Found 2 murky dark potions.
There is a stone staircase leading up here.
Grinder is nearby!
Waypoint 2 assigned to D:3.
You shoot an arrow.
The arrow hits Grinder but does no damage.
Grinder shouts!
Grinder gestures at you. Pain shoots through your body!
1247 ||| STAIRDANCE Grinder gestures at you.
Pain shoots through your body!
You climb upwards.
There is a stone staircase leading down here.
You start resting.
HP restored.
You climb downwards.
Level annotation: Grinder Grinder blinks!
There is a stone staircase leading up here.
1269 ||| STAIRDANCE Grinder hits you but does no damage.
You climb upwards.
There is a stone staircase leading down here.
You shoot an arrow. The arrow hits Grinder.
Grinder is lightly wounded.
Grinder gestures at you. Pain shoots through your body!
You shoot an arrow. The arrow closely misses Grinder.
Grinder gestures at you. Pain shoots through your body!
Grinder gestures at you. Pain shoots through your body!
Ouch! That really hurt!
You die...
Grinder says, "Hey, I wasn't done torturing you yet!"

#.###.# #.# #.#...# #.#
#.#.### #.# ######### #.#.#
#.# ........########.#.###
#.#
##...................###.##
#.####.######..^.........#
#.# #.# #.#.#.#.###..# #.#
#.# #.#@#....##..# ##.# #.#
#.#5#........# ...# #.#
#.#.#....###.# .#.## #.#
#.#.#.#.## #.# ....###.###
#.#.#.#.# #.# ..........#
#.#.#.#.####.# ._...###..#
#(...........# .....# #..#
##.#....[#.### .....###..#
#.##.#....#


You could see Grinder.

Vanquished Creatures
  A dart slug (D:1)
  A ribbon worm (D:2)
  3 ball pythons (D:1)
  4 endoplasms (D:2)
  2 giant cockroaches (D:1)
  A goblin (D:1)
  3 hobgoblins
  4 quokkas
  3 bats (D:1)
  A frilled lizard (D:2)
  5 kobolds (D:1)
  3 rats (D:1)
31 creatures vanquished.

Notes
Turn   | Place    | Note
-------+----------+-------------------------------------------
     0 | D:1      | qw the Spriggan Hunter began the quest for the Orb.
     0 | D:1      | Reached XP level 1. HP: 10/10 MP: 2/2
     0 | D:1      | 0 ||| qw: Version: 0.3-a-160-g6735b56
     0 | D:1      | 0 ||| qw: Game counter: 6210
     0 | D:1      | 0 ||| qw: Melee chars always use a shield: true
     0 | D:1      | 0 ||| qw: God list: Okawaru
     0 | D:1      | 0 ||| qw: Allow faded altars: false
     0 | D:1      | 0 ||| qw: Do Orc after clearing Dungeon:15 true
     0 | D:1      | 0 ||| qw: Do second Lair branch before Depths: true
     0 | D:1      | 0 ||| qw: Lair rune preference: random
     0 | D:1      | 0 ||| qw: Goals: Normal
     0 | D:1      | 0 ||| PLANNING D:1-11
    40 | D:1      | Reached skill level 3 in Dodging
   198 | D:1      | Reached XP level 2. HP: 11/14 MP: 3/3
   200 | D:1      | HP: 3/14 [rat (1)]
   659 | D:1      | 659 ||| UPGRADING to ring of protection from cold.
   660 | D:1      | 660 ||| UPGRADING to ring of protection from fire.
   661 | D:1      | 661 ||| READING scroll labelled GIM ITRUEKK.
   662 | D:1      | 662 ||| READING scroll labelled OFIVOI JEGYE.
   663 | D:1      | 663 ||| DROPPING scroll of butterflies.
   728 | D:2      | Reached XP level 3. HP: 18/18 MP: 4/4
  1085 | D:2      | Found a shimmering altar of Xom.
  1212 | D:2      | 1212 ||| READING scroll labelled PIGUXI METTAR.
  1212 | D:2      | 1212 ||| ENCHANTING +0 shortbow.
  1213 | D:2      | 1213 ||| READING 2 scrolls labelled CUENEPPAULI.
  1214 | D:2      | 1214 ||| READING scroll labelled DOIMOOR MUZAHE.
  1219 | D:2      | 1219 ||| DRINKING 2 smoky white potions.
  1220 | D:2      | 1220 ||| DRINKING 2 puce potions.
  1221 | D:2      | 1221 ||| DROPPING scroll of immolation.
  1245 | D:3      | Noticed Grinder
  1247 | D:3      | 1247 ||| STAIRDANCE
  1269 | D:3      | 1269 ||| STAIRDANCE
  1272 | D:2      | Killed from afar by Grinder

Levels and vault maps discovered:
D:1:      mrwooster_arrival_statue_3, layout_loops_ring
D:2:      layout_loops_ring, basic_altar, chequers_decorated_corner
D:3:      layout_basic, serial_shops, shop_statue, minmay_checkerbox,
          uniq_sigmund, uniq_crazy_yiuf_cottage, uniq_grinder

Skill      XL: |  1  2 |
---------------+-------+-----
Dodging        | 3 4 |  4.0
Fighting       | |  1.5
Ranged Weapons | |  4.6
Stealth        | |  1.5

Action                     || total
---------------------------++-------
   Fire: Shortbow          ||   105
    Use: Scroll            ||     5
         Potion            ||     2
 Armour: Robe              ||    11
  Dodge: Dodged            ||    50

Table legend:
 A = Non-vault XP
 B = Vault XP
 C = Vault XP percentage of total XP
 D = Non-vault monster count
 E = Vault monster count
 F = Vault count percentage of total count
                 A         B        C        D         E       F
            +---------+---------+-------+---------+---------+-------
      Total |      55 |       0 |   0.0 |      31 |       0 |   0.0
            +---------+---------+-------+---------+---------+-------
        D:1 |      38 |       0 |   0.0 |      23 |       0 |   0.0
        D:2 |      17 |       0 |   0.0 |       8 |       0 |   0.0
            +---------+---------+-------+---------+---------+-------
